 Dungeon Crawl Stone Soup version 0.26.1-11-gd32895ea62 (webtiles) character file.

Game seed: 9543814640583216294

1773 Almogavar the Magician (level 8, 0/36 HPs)
             Began as a Spriggan Conjurer on July 26, 2021.
             Was a Believer of Sif Muna.
             Slain by an orc warrior
             ... wielding a +0 trident
              (14 damage)
             ... on level 7 of the Dungeon.
             The game lasted 00:20:31 (8167 turns).

Almogavar the Magician (Spriggan Conjurer)          Turns: 8167, Time: 00:20:32

Health: 0/36       AC:  8    Str:  3    XL:     8   Next: 80%
Magic:  3/20       EV: 27    Int: 21    God:    Sif Muna [**....]
Gold:   358        SH:  5    Dex: 15    Spells: 15/22 levels left

rFire    . . .     SeeInvis +   e - +0 dagger
rCold    . . .     Faith    .   (shield restricted)
rNeg     . . .     Spirit   .   E - +2 robe {Will+}
rPois    .         Reflect  +   B - +1 hat
rElec    .         Harm     .   D - +2 cloak
rCorr    .         Rampage  .   (gloves unavailable)
Will     ++...                  (boots unavailable)
Stlth    +++.......             l - amulet of reflection
HPRegen  0.12/turn              g - +4 ring of evasion
MPRegen  0.17/turn              h - +4 ring of evasion

@: very quick
A: very small, unfitting armour, see invisible, speed 3
a: Renounce Religion, Channel Magic


You were on level 7 of the Dungeon.
You worshipped Sif Muna.
Sif Muna was pleased with you.
You visited 1 branch of the dungeon, and saw 7 of its levels.

You collected 358 gold pieces.

Inventory:

Hand Weapons
 e - a +0 dagger (weapon)
 s - a +0 falchion of freezing
Armour
 B - a +1 hat (worn)
 D - a +2 cloak (worn)
 E - a +2 robe of willpower (worn)
Jewellery
 g - a +4 ring of evasion (left hand)
 h - a +4 ring of evasion (right hand)
 l - an amulet of reflection (around neck)
 w - an uncursed amulet of the acrobat
Wands
 i - a wand of enslavement (6)
Scrolls
 f - a scroll of enchant armour {unknown}
 k - 3 scrolls of teleportation {unknown}
 n - 3 scrolls of remove curse {unknown}
 o - a scroll of amnesia {unknown}
 q - a scroll of blinking {unknown}
 r - 2 scrolls of fog {unknown}
 v - 2 scrolls of magic mapping
 x - 2 scrolls of enchant weapon {unknown}
 y - a scroll of fear {unknown}
Potions
 b - 2 potions of ambrosia
 c - 3 potions of heal wounds
 d - a potion of resistance
 j - 3 potions of curing
 m - 2 potions of berserk rage {unknown}
 p - 2 potions of brilliance {unknown}
 t - a potion of lignification {unknown}
 u - a potion of degeneration {unknown}
 z - a potion of invisibility {unknown}
 A - a potion of attraction {unknown}
 C - a potion of flight {unknown}


   Skills:
 + Level 0.3 Fighting
 + Level 2.4 Short Blades
 + Level 3.9 Dodging
 + Level 5.8 Stealth
 + Level 0.6 Shields
 + Level 7.7 Spellcasting
 + Level 6.1 Conjurations
 * Level 6.3 Translocations


You had 15 spell levels left.
You knew the following spells:

 Your Spells              Type           Power        Failure   Level
a - Magic Dart            Conj           100%         1%          1
b - Searing Ray           Conj           66%          1%          2
c - Iskenderun's Mystic   Conj/Tloc      34%          6%          4

Your spell library contained the following spells:

 Spells                   Type           Power        Failure   Level
 Dazzling Flash           Conj/Hex       42%          7%          3
 Fulminant Prism          Conj/Hex       10%          22%         4
 Summon Guardian Golem    Hex/Summ       8%           24%         3
 Summon Forest            Summ/Tloc      10%          52%         5
 Summon Mana Viper        Hex/Summ       8%           92%         5
 Malign Gateway           Summ/Tloc      10%          100%        7


Dungeon Overview and Level Annotations

Branches:
Dungeon (7/15)             Temple (0/1) D:7

Altars:
Ashenzari
Dithmenos
Gozag
Okawaru
Qazlal
Ru
Sif Muna
Vehumet
Zin
The Shining One


Innate Abilities, Weirdness & Mutations

You are very small and have problems with some larger weapons.
You are too small for most types of armour.
You have supernaturally acute eyesight. (SInv)
You cover ground extremely quickly.


Message History

The searing ray hits the orc warrior!
The orc warrior is almost dead.
You finish channeling your searing ray.
The orc warrior hits you from afar with a +0 trident!!
Ouch! That really hurt!
Casting: Searing Ray (safe; 1% risk of failure)
Confirm with . or Enter, or press ? or * to list all spells.
Aiming: Searing Ray (safe; 1% risk of failure)
Press: ? - help, Shift-Dir - straight line, f/p - orc warrior
Aim: an orc warrior, wielding a +0 trident and wearing a cursed +0 plate armour (almost dead, 19% to evade)
The searing ray misses the orc warrior. (Press . to maintain the ray.)
The orc warrior completely misses you.
The searing ray hits the orc warrior.
The orc warrior is almost dead.
The searing ray hits the orc!
You kill the orc!
Sif Muna accepts your kill.
The orc warrior hits you from afar with a +0 trident!
You die...

#.#.......# #.#
#.#.####### #.) #.#.#
#.# #.#.## #..##....#
#.......# #(.#....#
##.#..###### #########
#....#@†o†#
........###....#.##.....
..8.8.8..##....#.#####..
#..⌠.⌠.........#.>......
#.8.>.8..##.............
#..⌠.⌠...##...#######...
#.8[8.8.###..># ..
#.......# ###.#
######### #.#


You could see an orc warrior.

Vanquished Creatures
  Eustachio (D:6)
  An orc warrior (D:6)
  A phantom (D:4)
  A centaur (D:7)
  An ogre (D:5)
  2 bullfrogs
  3 scorpions
  A wight (D:7)
  2 howler monkeys (D:7)
  A bullfrog zombie (D:5)
  2 orc priests
  2 jellies (D:6)
  Crazy Yiuf (D:6)
  3 hounds
  6 orc wizards
  A centaur skeleton (D:7)
  An iguana (D:5)
  4 worker ants
  4 gnolls (D:6)
  10 adders
  A shadow imp (D:5)
  A white imp (D:5)
  2 ufetubi
  3 oozes
  An adder zombie (D:6)
  2 worms (D:3)
  2 dart slugs
  A leopard gecko (D:6)
  25 orcs
  7 giant cockroaches
  5 goblins
  11 hobgoblins
  11 jackals
  4 kobolds
  A quokka (D:6)
  7 bats
  3 frilled lizards
  A jackal zombie (D:6)
  A quokka skeleton (D:6)
  2 rats
139 creatures vanquished.

Vanquished Creatures (others)
  3 fungi (D:6)
3 creatures vanquished.

Grand Total: 142 creatures vanquished

Notes
Turn   | Place    | Note
-------+----------+-------------------------------------------
     0 | D:1      | Almogavar the Spriggan Conjurer began the quest for the
                  | Orb.
     0 | D:1      | Reached XP level 1. HP: 9/9 MP: 5/5
   283 | D:1      | Reached XP level 2. HP: 13/13 MP: 0/6
   342 | D:1      | Learned a level 2 spell: Searing Ray
   639 | D:1      | Reached skill level 3 in Spellcasting
   761 | D:1      | Reached XP level 3. HP: 16/16 MP: 5/8
  1372 | D:2      | Found a broken altar of Ashenzari.
  1518 | D:2      | Found a radiant altar of Vehumet.
  1572 | D:2      | Reached XP level 4. HP: 21/21 MP: 3/9
  1734 | D:2      | Found a shadowy altar of Dithmenos.
  1877 | D:2      | Found a glowing silver altar of Zin.
  1888 | D:2      | Found a glowing golden altar of the Shining One.
  2027 | D:2      | Found an iron altar of Okawaru.
  2625 | D:3      | Found a shimmering blue altar of Sif Muna.
  2630 | D:3      | Became a worshipper of Sif Muna the Loreminder
  2636 | D:3      | Learned a level 4 spell: Iskenderun's Mystic Blast
  2943 | D:3      | Reached XP level 5. HP: 24/24 MP: 3/11
  2949 | D:3      | Reached skill level 1 in Short Blades
  3133 | D:3      | Reached skill level 4 in Spellcasting
  3594 | D:3      | Reached skill level 1 in Translocations
  3874 | D:4      | Reached * piety under Sif Muna
  3875 | D:4      | Reached XP level 6. HP: 26/28 MP: 3/13
  4289 | D:4      | Reached skill level 5 in Spellcasting
  4476 | D:4      | Reached XP level 7. HP: 32/32 MP: 11/15
  4670 | D:4      | Reached skill level 5 in Conjurations
  5264 | D:5      | Entered Level 5 of the Dungeon
  5795 | D:5      | Reached skill level 6 in Spellcasting
  6072 | D:5      | Found a sacrificial altar of Ru.
  6382 | D:6      | Reached skill level 5 in Translocations
  6601 | D:6      | Found a stormy altar of Qazlal.
  6690 | D:6      | Reached ** piety under Sif Muna
  6763 | D:6      | Reached XP level 8. HP: 36/36 MP: 14/18
  6774 | D:6      | Noticed Eustachio
  6795 | D:6      | Killed Eustachio
  7073 | D:6      | Found a runed translucent door.
  7074 | D:6      | Noticed Crazy Yiuf
  7094 | D:6      | Identified Sif Muna's Compendium of Summoning
  7190 | D:6      | Reached skill level 7 in Spellcasting
  7420 | D:6      | Found an opulent altar of Gozag.
  7586 | D:6      | Killed Crazy Yiuf
  7762 | D:7      | Reached skill level 5 in Stealth
  8134 | D:7      | Found a staircase to the Ecumenical Temple.
  8167 | D:7      | Slain by an orc warrior

Illustrated notes

Levels and vault maps discovered:
D:1:      dpeg_chamrin_arrival_tetris, layout_basic
D:2:      layout_rooms, zin_statuary, nicolae_dithmenos_shadow_blocks,
          lemuel_round_altar, grunt_temple_overflow_open, serial_glass,
          glass_columns_c, glass_columns_b, tso_metal_star
D:3:      layout_basic, overflow_temple_1_default
D:4:      layout_cave_pods
D:5:      layout_loops_ring, kennysheep_mini
D:6:      layout_loops_ring, nicolae_gozag_cash_rules_everything_around_me,
          grunt_qazlal_clouds, uniq_crazy_yiuf_cottage, uniq_eustachio
D:7:      layout_basic, minmay_temple_entry_statues_fountains, basic_altar,
          grunt_livestock

Skill      XL: |  1  2  3  4  5  6  7  8 |
---------------+-------------------------+-----
Conjurations   | 3 4 5 6 |  6.1
Spellcasting   | 3 4 5 6 7 |  7.7
Short Blades   | 1 2 |  2.4
Translocations | 2 3 5 6 |  6.3
Stealth        | 4 5 |  5.8
Fighting       | |  0.3
Dodging        | |  3.9
Shields        | |  0.6

Action                   |  1- 3 |  4- 6 |  7- 9 || total
-------------------------+-------+-------+-------++-------
Melee: Dagger            |    27 |    17 |     3 ||    47
 Cast: Magic Dart        |    48 |    80 |    39 ||   167
       Searing Ray       |     8 |    28 |    44 ||    80
       Iskenderun's Myst |       |       |     1 ||     1
  Use: Scroll            |       |       |     6 ||     6
 Stab: Sleeping          |       |       |     3 ||     3
Armor: Robe              |     3 |       |     2 ||     5
Dodge: Dodged            |    37 |    18 |    30 ||    85
Block: Other             |       |     4 |     6 ||    10
       Reflection        |       |       |     2 ||     2
